 Dungeon Crawl Stone Soup version 0.20-a0-493-g19c8d8d (webtiles) character file.

23062 AlphabetPasta the Arsonist (level 13, -3/70 HPs)
             Began as a Tengu Fire Elementalist on Jan 15, 2017.
             Was a High Priest of Vehumet.
             Slain by a sun demon (11 damage)
             ... summoned by Frances
             ... on level 12 of the Dungeon on Jan 16, 2017.
             The game lasted 01:56:25 (17684 turns).

AlphabetPasta the Arsonist (TeFE)                  Turns: 17684, Time: 01:56:27

Health: -3/70      AC: 12    Str:  9    XL:     13   Next: 4%
Magic:  10/27      EV: 15    Int: 25    God:    Vehumet [*****.]
Gold:   555        SH:  6    Dex: 15    Spells: 1/30 levels left

rFire    . . .     SeeInvis +   a - +0 falchion
rCold    . . .     Gourm    .   D - +2 robe {MR+}
rNeg     + . .     Faith    .   h - +1 buckler {reflect}
rPois    .         Spirit   .   p - +1 hat {SInv}
rElec    .         Reflect  +   e - +2 cloak
rCorr    .         Harm     .   y - +3 pair of gauntlets of War {Slay+5}
MR       ++...                  (boots unavailable)
Stlth    ++........             t - amulet of rage
Regen    0.3/turn               w - ring of positive energy
                                r - ring of protection from magic

@: brilliant
A: beak, talons 3, able to fly 1
a: Fly, Renounce Religion, Evoke Berserk Rage


You were on level 12 of the Dungeon.
You worshipped Vehumet.
Vehumet was extremely pleased with you.
You were near starving.

You visited 2 branches of the dungeon, and saw 13 of its levels.

You collected 726 gold pieces.
You spent 171 gold pieces at shops.

Inventory:

Hand Weapons
 a - a +0 falchion (weapon)
 u - a +4 quarterstaff of chaos
Missiles
 C - 15 javelins (quivered)
Armour
 e - a +2 cloak (worn)
 h - a +1 buckler of reflection (worn)
 p - a +1 hat of see invisible (worn)
 y - the +3 pair of gauntlets of War (worn) {Slay+5}
   (You found it on level 5 of the Dungeon)

   It affects your accuracy and damage with ranged weapons and melee attacks
   (+5).
 D - a +2 robe of magic resistance (worn)
Jewellery
 r - a ring of protection from magic (left hand)
 t - an amulet of rage (around neck)
 w - a ring of positive energy (right hand)
 A - an uncursed ring of resist corrosion
Wands
 v - a wand of polymorph (14/24)
 E - a wand of iceblast (9/15)
 H - a wand of paralysis (16/24)
 J - a wand of scattershot (5/9)
Scrolls
 c - 2 scrolls of remove curse
 i - 3 scrolls of enchant armour
 j - 4 scrolls of identify
 l - 3 scrolls of enchant weapon
 n - a scroll of fog
 s - a scroll of teleportation
 x - a scroll of silence {unknown}
 G - a scroll of recharging
Potions
 d - 2 potions of might
 k - a potion of cancellation
 m - 3 potions of flight
 o - 3 potions of curing
 q - 2 potions of brilliance
 z - a potion of magic
 F - a potion of agility
 K - 2 potions of invisibility
Books
 b - a book of Flames

   Spells                             Type                      Level
   a - Flame Tongue                   Conjuration/Fire             1
   b - Throw Flame                    Conjuration/Fire             2
   c - Conjure Flame                  Conjuration/Fire             3
   d - Inner Flame                    Hexes/Fire                   3
   e - Sticky Flame                   Conjuration/Fire             4
   f - Fireball                       Conjuration/Fire             5
Comestibles
 f - 2 beef jerkies
 g - 7 bread rations
 I - 2 meat rations


   Skills:
 + Level 3.7 Fighting
 - Level 2.4 Staves
 - Level 2.0 Armour
 - Level 5.0 Dodging
 - Level 2.0 Stealth
 - Level 4.1 Shields
 * Level 9.0 Spellcasting
 + Level 11.0 Conjurations
 * Level 13.4 Fire Magic
 + Level 11.5 Air Magic
 - Level 3.1 Evocations


You had one spell level left.
You knew the following spells:

 Your Spells              Type           Power        Failure   Level  Hunger
a - Flame Tongue          Conj/Fire      #####        1%          1    None
b - Throw Flame           Conj/Fire      ######       1%          2    None
c - Conjure Flame         Conj/Fire      ######..     1%          3    None
d - Sticky Flame          Conj/Fire      ######..     1%          4    ##.....
e - Searing Ray           Conj           ######       1%          2    None
f - Shock                 Conj/Air       ####         1%          1    None
g - Iskenderun's Mystic   Conj           ######..     1%          4    ##.....
h - Delayed Fireball      Conj/Fire      N/A          3%          7    #######
i - Bolt of Magma         Conj/Fire/Erth ######....   1%          5    ####...
j - Fireball              Conj/Fire      ######....   1%          5    ####...


Dungeon Overview and Level Annotations

Branches:
Dungeon (12/15)            Temple (1/1) D:6            Lair (0/6) D:9
    Orc: D:9-12

Altars:
Ashenzari
Cheibriados
Dithmenos
Elyvilon
Fedhas
Gozag
Hepliaklqana
Kikubaaqudgha
Makhleb
Nemelex Xobeh
Okawaru
Qazlal
Ru
Sif Muna
Trog
Uskayaw
Vehumet
Xom
Yredelemnul
Zin
The Shining One

Shops:
D:6 *   D:9 [

Annotations:
D:12 Frances


Innate Abilities, Weirdness & Mutations

You have a beak for a mouth.
You have claws for feet.
You can fly.


Message History

You are engulfed in flames!
Casting: Iskenderun's Mystic Blast
Confirm with . or Enter, or press ? or * to list all spells.
Aiming: Iskenderun's Mystic Blast
Press: ? - help, Shift-Dir - straight line, f/p - Frances
Aim: Frances, wielding a long sword of protection and wearing a shiny chain mail (severely wounded, fast, covered in liquid flames)
The orb of energy hits Frances.
Frances is almost dead.
The orb of energy explodes!
The mystic blast hits the sun demon.
The sun demon is severely wounded.
The mystic blast hits the sun demon.
The sun demon is heavily wounded.
Frances burns!
Frances stops burning.
Frances screams a word of power!
The shard of ice hits you!
* * * LOW HITPOINT WARNING * * *
The sun demon hits you!
* * * LOW HITPOINT WARNING * * *
You are engulfed in flames!
You die...

########..# #..######.... #..#
#..# #.... #..# #..######....
########..########............
.............................. #.
..............................
#.######...#####...##########....
#.# #...# #...# #.... #.# #...#
#@3.# #.... #.# #...#####@3.#
#.... #.######...........#
########....
#................................
#................................
#.#####................>.........
#.# #..........................
#.# #..........................
#.#####.......... ............


You could see Frances and 2 sun demons.

Vanquished Creatures
  Gastronok (D:11)
  A hydra (D:12)
  6 two-headed ogres
  An ogre mage (D:10)
  Pikel (D:7)
  The ghost of bombasticus the Carver, a novice MiBe of Trog (D:8)
  An ugly thing (D:10)
  A manticore (D:11)
  Joseph (D:9)
  Maurice (D:8)
  A gargoyle (D:11)
  3 kobold demonologists (D:10)
  A komodo dragon (D:10)
  A troll (D:12)
  2 hornets
  Grinder (D:5)
  A slime creature (D:12)
  A hippogriff (D:11)
  Sigmund (D:6)
  A spriggan (D:7)
  2 wyverns
  21 yaks
  A basilisk (D:9)
  Menkaure (D:7)
  A water moccasin (D:7)
  2 porcupines (D:9)
  A slave (D:7)
  4 sky beasts
  11 orc warriors
  An eye of draining (D:10)
  2 black bears
  4 ice beasts
  7 ogres
  2 phantoms
  3 centaurs
  2 crocodiles (D:9)
  10 bullfrogs
  2 big kobolds
  3 scorpions
  15 killer bees
  3 wights
  7 howler monkeys
  An electric eel (D:8)
  2 bullfrog zombies
  4 crimson imps
  7 hounds
  A jelly (D:5)
  Crazy Yiuf (D:5)
  A centaur zombie (D:10)
  A centaur skeleton (D:9)
  An orc priest (D:10)
  26 orc wizards
  2 bullfrog skeletons (D:9)
  8 iguanas
  10 worker ants
  A hound zombie (D:10)
  5 hound skeletons
  18 adders
  4 gnolls (D:2)
  A howler monkey zombie (D:10)
  A shadow imp (D:10)
  2 oozes
  3 adder skeletons
  4 worms
  2 dart slugs
  7 leopard geckos
  41 orcs
  20 giant cockroaches
  6 hobgoblins
  4 jackals (D:9)
  7 quokkas
  4 bats
  6 frilled lizards
  8 goblins
  14 kobolds
  A leopard gecko zombie (D:7)
  3 quokka skeletons
  A quokka zombie (D:8)
  10 rats
371 creatures vanquished.

Vanquished Creatures (others)
  2 slaves
  An orc warrior (D:6)
  A killer bee (D:9)
  A howler monkey (D:9)
  A crimson imp (D:7)
  An orc wizard (D:6)
  A worker ant (D:7)
  2 orcs (D:6)
  A bush (D:9)
  4 fungi (D:9)
  6 plants (D:9)
21 creatures vanquished.

Grand Total: 392 creatures vanquished

Notes
Turn   | Place    | Note
-------+----------+-------------------------------------------
     0 | D:1      | AlphabetPasta the Tengu Fire Elementalist began the quest for the Orb.
     0 | D:1      | Reached XP level 1. HP: 10/10 MP: 4/4
   229 | D:1      | Reached XP level 2. HP: 15/15 MP: 4/6
   625 | D:1      | Learned a level 2 spell: Throw Flame
  1225 | D:1      | Reached skill level 4 in Fire Magic
  1225 | D:1      | Reached XP level 3. HP: 19/19 MP: 3/7
  1712 | D:2      | Learned a level 3 spell: Conjure Flame
  2032 | D:2      | Learned a level 3 spell: Conjure Flame
  2052 | D:2      | Reached XP level 4. HP: 24/24 MP: 4/8
  2259 | D:2      | Reached skill level 1 in Shields
  2740 | D:2      | Gained mutation: You can fly. [Tengu growth]
  2740 | D:2      | Reached XP level 5. HP: 19/28 MP: 1/10
  2868 | D:2      | Reached skill level 5 in Fire Magic
  3321 | D:2      | You fall through a shaft!
  3668 | D:3      | Learned a level 4 spell: Sticky Flame
  3816 | D:3      | Reached XP level 6. HP: 21/32 MP: 7/11
  4904 | D:4      | Noticed a black bear
  4918 | D:4      | Killed a black bear
  4918 | D:4      | Reached skill level 6 in Fire Magic
  5079 | D:4      | Reached XP level 7. HP: 36/36 MP: 2/13
  5322 | D:4      | Found a glowing silver altar of Zin.
  5521 | D:5      | Entered Level 5 of the Dungeon
  5646 | D:5      | Found a runed door.
  5650 | D:5      | Noticed Crazy Yiuf
  5656 | D:5      | Killed Crazy Yiuf
  5912 | D:5      | Found a burning altar of Makhleb.
  6283 | D:5      | Learned a level 2 spell: Searing Ray
  6354 | D:5      | Reached skill level 5 in Conjurations
  6354 | D:5      | Reached skill level 7 in Fire Magic
  6354 | D:5      | Reached XP level 8. HP: 27/41 MP: 12/15
  6567 | D:5      | Noticed Grinder
  6580 | D:5      | Killed Grinder
  6878 | D:6      | Found a staircase to the Ecumenical Temple.
  6887 | Temple   | Entered the Ecumenical Temple
  6896 | Temple   | Became a worshipper of Vehumet
  7114 | D:6      | Found a sparkling altar of Nemelex Xobeh.
  7175 | D:6      | Reached skill level 8 in Fire Magic
  7253 | D:6      | Found Xuaryk's Assorted Antiques.
  7257 | D:6      | Bought a black potion for 26 gold pieces
  7257 | D:6      | Bought a scroll of identify for 58 gold pieces
  7257 | D:6      | Bought a scroll labeled BOHARIF LORE for 29 gold pieces
  7257 | D:6      | Bought a scroll of identify for 58 gold pieces
  7287 | D:6      | Noticed Sigmund
  7294 | D:6      | Killed Sigmund
  7704 | D:6      | Reached skill level 1 in Fighting
  7704 | D:6      | Reached skill level 5 in Spellcasting
  7704 | D:6      | Reached XP level 9. HP: 31/47 MP: 9/17
  7899 | D:6      | Reached skill level 1 in Evocations
  8052 | D:6      | Found a white marble altar of Elyvilon.
  8301 | D:6      | Reached skill level 9 in Fire Magic
  8484 | D:7      | Reached * piety under Vehumet
  8484 | D:7      | Offered knowledge of Shock by Vehumet.
  8487 | D:7      | Learned a level 1 spell: Shock
  8665 | D:7      | Noticed Pikel
  8679 | D:7      | Killed Pikel
  8679 | D:7      | Reached skill level 1 in Staves
  8833 | D:7      | Found a hazy altar of Hepliaklqana.
  8848 | D:7      | Noticed Menkaure
  8852 | D:7      | Killed Menkaure
  9184 | D:7      | Reached XP level 10. HP: 34/52 MP: 14/20
  9338 | D:7      | Upgraded the game from 0.20-a0-492-g6327889 to 0.20-a0-493-g19c8d8d
  9348 | D:8      | Learned a level 4 spell: Iskenderun's Mystic Blast
  9417 | D:8      | Reached skill level 10 in Fire Magic
  9417 | D:8      | Reached skill level 5 in Air Magic
  9734 | D:8      | Found a glowing golden altar of the Shining One.
  9780 | D:8      | Noticed bombasticus's ghost (novice MiBe)
 10096 | D:8      | Reached ** piety under Vehumet
 10117 | D:7      | Offered knowledge of Freeze by Vehumet.
 10931 | D:8      | Noticed Maurice
 10957 | D:8      | Killed Maurice
 10957 | D:8      | Reached skill level 11 in Fire Magic
 11181 | D:8      | Killed bombasticus's ghost
 11181 | D:8      | Reached XP level 11. HP: 59/60 MP: 5/22
 11432 | D:8      | Noticed a two-headed ogre
 11445 | D:8      | Killed a two-headed ogre
 11718 | D:9      | Offered knowledge of Mephitic Cloud by Vehumet.
 12033 | D:9      | Found a staircase to the Lair.
 12052 | D:9      | Reached *** piety under Vehumet
 12149 | D:9      | Learned a level 3 spell: Mephitic Cloud
 12192 | D:9      | Offered knowledge of Throw Icicle by Vehumet.
 12531 | D:9      | Noticed a two-headed ogre
 12538 | D:9      | Killed a two-headed ogre
 12626 | D:9      | Noticed a two-headed ogre
 12639 | D:9      | Killed a two-headed ogre
 13160 | D:9      | Found Luip's Antique Armour Shoppe.
 13289 | D:9      | Noticed Joseph
 13299 | D:9      | Killed Joseph
 13299 | D:9      | Reached skill level 12 in Fire Magic
 13683 | D:10     | Entered Level 10 of the Dungeon
 13715 | D:10     | Found a runed door.
 13872 | D:10     | Found a bloodstained altar of Trog.
 13923 | D:10     | Reached skill level 10 in Air Magic
 14004 | D:10     | Reached **** piety under Vehumet
 14154 | D:10     | Noticed a two-headed ogre
 14165 | D:10     | Killed a two-headed ogre
 14165 | D:10     | Reached skill level 10 in Conjurations
 14165 | D:10     | Reached XP level 12. HP: 64/64 MP: 15/24
 14238 | D:10     | Found a runed door.
 14273 | D:10     | Reached skill level 5 in Dodging
 14505 | D:10     | Offered knowledge of Bolt of Magma by Vehumet.
 14512 | D:10     | Learned a level 5 spell: Bolt of Magma
 15086 | D:10     | Noticed an ogre mage
 15092 | D:10     | Killed an ogre mage
 15558 | D:11     | Noticed a two-headed ogre
 15780 | D:11     | Reached ***** piety under Vehumet
 15813 | D:11     | Offered knowledge of Delayed Fireball by Vehumet.
 16131 | D:10     | Noticed a soul eater
 16304 | D:11     | Reached skill level 1 in Armour
 16438 | D:11     | Killed a two-headed ogre
 16438 | D:11     | Reached skill level 13 in Fire Magic
 16801 | D:11     | Noticed a two-headed ogre
 16811 | D:11     | Killed a two-headed ogre
 16936 | D:11     | Noticed Gastronok
 16962 | D:11     | Killed Gastronok
 17343 | D:12     | Noticed a six-headed hydra
 17362 | D:12     | Killed a six-headed hydra
 17362 | D:12     | Reached XP level 13. HP: 43/69 MP: 23/26
 17373 | D:12     | Learned a level 7 spell: Delayed Fireball
 17379 | D:12     | Learned a level 5 spell: Fireball
 17536 | D:12     | Noticed Frances
 17684 | D:12     | Slain by a sun demon

Vault maps used:
D:1:      minmay_arrival_four_circles, serial_corexii_hall,
          corexii_hall_statues_l, corexii_hall_statues_l
D:2:      minmay_roachtagon, first_bread
D:3:      item_on_display_a
D:4:      lemuel_round_altar, kennysheep_generic_room_9
D:5:      bloody_makhleb, uniq_grinder, uniq_crazy_yiuf_cottage
D:6:      minmay_flawed_box, nemelex_altar_shiori, serial_shops, shop_statue,
          serial_curves, eino_curves_02, eino_curves_01, elyvilon_altar_3,
          uniq_sigmund
D:7:      basic_altar, the_bakery, uniq_menkaure, uniq_pikel
D:8:      argonaut_augean_stables, lemuel_doored_altar, uniq_maurice
D:9:      minmay_lair_entry_grove, serial_shops, nicolae_shop_stone, uniq_joseph
D:10:     cheibrodos_histonic, basic_altar
D:11:     uniq_gastronok
D:12:     david_orc_2, nicolae_sextant, uniq_frances
Temple:   compressed_dpeg_circular_temple

Skill      XL: |  1  2  3  4  5  6  7  8  9 10 11 12 13 |
---------------+----------------------------------------+-----
Conjurations   | 2 3 4 5 6 7 8 10 11 | 11.0
Fire Magic     | 4 5 6 7 8 9 11 12 13 | 13.4
Shields        | 1 2 3 4 |  4.1
Spellcasting   | 3 4 5 6 7 8 9 |  9.0
Fighting       | 1 3 |  3.7
Evocations     | 1 2 3 |  3.1
Staves         | 2 |  2.4
Air Magic      | 4 7 10 11 | 11.5
Dodging        | 3 4 5 |  5.0
Armour         | 2 |  2.0
Stealth        | |  2.0

Action                   |  1- 3 |  4- 6 |  7- 9 | 10-12 | 13-15 || total
-------------------------+-------+-------+-------+-------+-------++-------
Melee: Unarmed           |    22 |     1 |       |       |       ||    23
       Kick              |     2 |     4 |    13 |    25 |       ||    44
       Peck              |     3 |     3 |    17 |    14 |       ||    37
       Falchion          |       |     8 |    56 |    56 |       ||   120
 Cast: Flame Tongue      |    71 |   150 |    63 |   357 |    10 ||   651
       Conjure Flame     |       |     1 |     1 |    27 |       ||    29
       Throw Flame       |       |     1 |    13 |     3 |       ||    17
       Sticky Flame      |       |     3 |    18 |    64 |     3 ||    88
       Searing Ray       |       |       |    38 |    40 |     2 ||    80
       Shock             |       |       |       |    92 |     3 ||    95
       Iskenderun's Myst |       |       |       |    18 |     4 ||    22
       Bolt of Magma     |       |       |       |     4 |       ||     4
       Mephitic Cloud    |       |       |       |     3 |       ||     3
       Fireball          |       |       |       |       |     4 ||     4
  Use: Scroll            |     6 |     3 |    10 |     9 |     1 ||    29
       Potion            |     1 |       |     1 |     3 |     2 ||     7
 Stab: Sleeping          |       |     1 |       |       |       ||     1
  Eat: Meat ration       |     1 |       |     1 |     2 |       ||     4
       Chunk             |       |     5 |    12 |    24 |       ||    41
       Bread ration      |       |     1 |       |       |       ||     1
       Pizza             |       |       |       |     1 |       ||     1
Armor: Robe              |    11 |    13 |    17 |    49 |     5 ||    95
Dodge: Dodged            |    59 |    39 |    49 |   105 |     7 ||   259
Block: Buckler           |       |       |    27 |    67 |     2 ||    96
       Reflection        |       |       |       |     3 |     1 ||     4
       Rpst.: Falchion   |       |    10 |    18 |    31 |       ||    59
